 Dungeon Sprint DCSS version bcrawl-1.27.1d (webtiles) character file.

Game seed: 2538769817202735712

2338825 Freyura the Bludgeoner (level 11, -3/123 HPs)
             Began as a Troll Fighter on July 24, 2020.
             Was the Champion of the Shining One.
             Slain by an orc knight
             ... wielding a +0 glaive
              (42 damage)
             ... in the Dungeon (Sprint IX: "|||||||||||||||||||||||||||||").
             The game lasted 00:07:47 (748 turns).

Freyura the Bludgeoner (Troll Fighter)               Turns: 748, Time: 00:07:48

Health: -3/123     AC: 12    Str: 26    XL:     11   Next: 35%
Magic:  20/20      EV: 11    Int:  5    God:    the Shining One [******]
Gold:   39         SH: 11    Dex: 15    Spells: 10/10 levels left

rFire    . . .     SeeInvis .   m - +0 giant spiked club
rCold    . . .     Gourm    +   (shield currently unavailable)
rNeg     + + +     Faith    .   (armour unavailable)
rPois    .         Spirit   .   (helmet restricted)
rElec    .         Reflect  .   a - +2 cloak
rCorr    .         Harm     .   (gloves unavailable)
MR       .....     NoTele   +   (boots unavailable)
Stlth    +.........             (no amulet)
HPRegen  0.70/turn              l - +3 ring of dexterity
MPRegen  0.17/turn              (no ring)

@: divine shield, glowing
A: large, almost no armour, unfitting armour, claws 3, fast metabolism 3,
gourmand, regeneration 1, AC +9
a: Divine Shield, Cleansing Flame, Summon Divine Warrior, Brand Weapon With Holy
Wrath, Renounce Religion


You were in the Dungeon.
You worshipped the Shining One.
The Shining One was exalted by your worship.
You were very full.

You visited 1 branch You collected 39 gold pieces.

Inventory:

Hand Weapons
 k - a +2 dire flail of crushing
 m - a +0 giant spiked club (weapon)
Armour
 a - a +2 cloak (worn)
Jewellery
 l - a +3 ring of dexterity (left claw)
Wands
 i - a wand of acid (10)
Scrolls
 b - 3 scrolls of remove curse
 c - 2 scrolls of amnesia
 j - 4 scrolls of blinking
 p - 2 scrolls of identify
 r - a scroll of fog
Potions
 d - 5 potions of curing
 f - a potion of heal wounds
 g - 2 potions of haste
 h - 6 potions of magic
 o - a potion of mutation
Comestibles
 e - 13 rations {!d}
 n - 20 chunks of flesh


   Skills:
 + Level 12.3 Fighting
 * Level 18.9 Maces & Flails
 - Level 2.4 Dodging
   Level 2.0 Shields
 + Level 13.5 Invocations


You had 10 spell levels left.
You didn't know any spells.
Your spell library was empty.

Dungeon Overview and Level Annotations

Branches:
Dungeon (1/1)

Altars:
Cheibriados
Dithmenos
Elyvilon
Fedhas
Gozag
Hepliaklqana
Kikubaaqudgha
Lugonu
Makhleb
Nemelex Xobeh
Okawaru
Qazlal
Ru
Sif Muna
Trog
Uskayaw
Vehumet
Wu Jian
Xom
Yredelemnul
Zin
The Shining One
Beogh
Jiyva


Innate Abilities, Weirdness & Mutations

You cannot wear most types of armour.
Your thick skin is tough. (AC +9)
You are too large for most types of armour.
You have claws for hands.
Your metabolism is lightning-fast.
You like to eat raw meat.
Your natural rate of healing is unusually fast.


Message History

The Shining One protects you from harm!
The orc wizard mumbles some strange words.
The orc wizard seems to speed up.
You block the orc knight's attack.
You hit the orc knight but do no damage.
The orc knight is severely wounded.
The orc knight barely misses you.
You flatten the orc knight like a pancake!!!
You kill the orc knight!
You block the orc knight's attack.
The orc wizard mumbles some strange words.
The orc wizard blinks!
The orc knight roars a battlecry!
The orcs go into a battle-frenzy!
An orc comes into view. It is wielding a +0 dagger.
Items here: $ ) [ † a +0 halberd; a +0 plate armour; 100 gold pieces; an orc corpse You feel much better.
The orc shouts!
The orc knight hits you with a +0 glaive!!!
You die...

________________'...†.†..[..)...<
▓▓▓▓▓▓▓▓▓▓▓▓▓▓▓▓▓▓▓▓▓▓▓▓▓▓▓▓▓▓▓▓▓
........)........................
▓▓▓▓▓▓▓▓▓▓▓▓▓▓▓▓▓▓▓▓▓▓▓▓▓▓▓▓▓▓▓▓.
.÷.÷.......÷......|......'.......
▓▓▓▓▓▓▓▓▓▓▓▓▓▓▓▓▓▓▓▓▓▓▓▓▓▓▓▓▓▓▓▓▓
.................................
▓▓▓▓▓▓▓▓▓▓▓▓▓▓▓▓▓▓▓▓▓▓▓▓▓▓▓▓▓▓▓▓.
o.ooooo@))).............
▓▓▓▓▓▓▓▓▓▓▓▓▓▓▓▓▓▓▓▓▓▓▓▓


You could see an orc knight, an orc warrior, an orc priest, an orc wizard and 2
orcs.

Vanquished Creatures
  A stone giant (D)
  2 dire elephants (D)
  Sonja (D)
  An orc knight (D)
  6 elephants (D)
  Maurice (D)
  A cane toad (D)
  2 black mambas (D)
  A queen bee (shapeshifter) (D)
  A troll (D)
  A hornet (D)
  A hippogriff (D)
  2 wyverns (D)
  A basilisk (D)
  3 yaks (D)
  A soldier ant (D)
  4 crocodiles (D)
  2 porcupines (D)
  An orc warrior (D)
  A sky beast (D)
  A black bear (D)
  An ogre (D)
  4 bullfrogs (D)
  A scorpion (D)
  A crimson imp (D)
  2 orc wizards (D)
  An orc priest (D)
  A worker ant (D)
  An adder (D)
  A leopard gecko (D)
  An orc (D)
  A bat zombie (D)
  A giant cockroach (D)
  A hobgoblin (D)
  A quokka (D)
  A ball python (D)
  A giant cockroach zombie (D)
  A kobold (D)
  A rat (D)
57 creatures vanquished.

Notes
Turn   | Place    | Note
-------+----------+-------------------------------------------
     0 | D        | Freyura the Troll Fighter began the quest for the Orb.
     0 | D        | Reached XP level 1. HP: 22/22 MP: 0/0
     8 | D        | Reached skill level 3 in Maces & Flails
    78 | D        | Noticed a crimson imp
    83 | D        | Killed a crimson imp
    83 | D        | Reached skill level 5 in Maces & Flails
    83 | D        | Reached XP level 2. HP: 32/32 MP: 1/1
    83 | D        | Reached XP level 3. HP: 39/39 MP: 2/2
    93 | D        | Found a roughly hewn altar of Beogh.
    93 | D        | Found a snail-covered altar of Cheibriados.
    93 | D        | Found a shadowy altar of Dithmenos.
    93 | D        | Found a white marble altar of Elyvilon.
    93 | D        | Found a blossoming altar of Fedhas.
    93 | D        | Found an opulent altar of Gozag.
    94 | D        | Found a hazy altar of Hepliaklqana.
    95 | D        | Found a viscous altar of Jiyva.
    96 | D        | Found an ancient bone altar of Kikubaaqudgha.
    97 | D        | Found a corrupted altar of Lugonu.
    98 | D        | Found a burning altar of Makhleb.
    99 | D        | Found a sparkling altar of Nemelex Xobeh.
   100 | D        | Found an iron altar of Okawaru.
   101 | D        | Found a stormy altar of Qazlal.
   102 | D        | Found a sacrificial altar of Ru.
   103 | D        | Found a shimmering blue altar of Sif Muna.
   104 | D        | Found a bloodstained altar of Trog.
   105 | D        | Found a hide-covered altar of Uskayaw.
   106 | D        | Found a radiant altar of Vehumet.
   107 | D        | Found an ornate altar of the Wu Jian Council.
   108 | D        | Found a shimmering altar of Xom.
   109 | D        | Found a basalt altar of Yredelemnul.
   110 | D        | Found a glowing silver altar of Zin.
   111 | D        | Found a glowing golden altar of the Shining One.
   119 | D        | Became a worshipper of the Shining One
   149 | D        | Noticed a soldier ant
   149 | D        | Noticed a crocodile
   149 | D        | Noticed a sky beast
   149 | D        | Reached * piety under the Shining One
   149 | D        | Noticed a scorpion
   152 | D        | Killed a scorpion
   152 | D        | Reached skill level 7 in Maces & Flails
   152 | D        | Gained mutation: Your natural rate of healing is unusually
                  | fast. [Troll growth]
   152 | D        | Reached XP level 4. HP: 34/49 MP: 2/4
   160 | D        | Killed a sky beast
   160 | D        | Reached skill level 5 in Fighting
   160 | D        | Reached skill level 8 in Maces & Flails
   160 | D        | Reached XP level 5. HP: 49/57 MP: 2/7
   163 | D        | Killed a crocodile
   163 | D        | Reached skill level 9 in Maces & Flails
   163 | D        | Reached skill level 5 in Invocations
   163 | D        | Reached XP level 6. HP: 58/67 MP: 2/8
   171 | D        | Killed a soldier ant
   171 | D        | Reached skill level 10 in Maces & Flails
   213 | D        | Noticed a queen bee
   213 | D        | Reached ** piety under the Shining One
   213 | D        | Noticed a wyvern
   213 | D        | Noticed a troll
   216 | D        | Killed a troll
   216 | D        | Reached skill level 11 in Maces & Flails
   216 | D        | Reached XP level 7. HP: 74/78 MP: 6/11
   220 | D        | Killed a wyvern
   220 | D        | Reached skill level 12 in Maces & Flails
   230 | D        | Killed a queen bee
   230 | D        | Reached XP level 8. HP: 72/88 MP: 7/13
   308 | D        | Noticed Sonja
   311 | D        | Killed Sonja
   311 | D        | Reached skill level 13 in Maces & Flails
   375 | D        | Noticed a black mamba
   375 | D        | Reached *** piety under the Shining One
   377 | D        | Noticed a hippogriff
   378 | D        | Reached skill level 14 in Maces & Flails
   384 | D        | Reached XP level 9. HP: 91/98 MP: 12/15
   386 | D        | Killed a black mamba
   386 | D        | Reached skill level 10 in Invocations
   393 | D        | Reached skill level 15 in Maces & Flails
   415 | D        | Noticed a cane toad
   415 | D        | Reached **** piety under the Shining One
   415 | D        | Noticed a black mamba
   418 | D        | Reached skill level 10 in Fighting
   424 | D        | Killed a black mamba
   451 | D        | Killed a cane toad
   451 | D        | Reached skill level 16 in Maces & Flails
   451 | D        | Reached XP level 10. HP: 92/111 MP: 17/17
   496 | D        | Noticed an elephant
   496 | D        | Reached ***** piety under the Shining One
   496 | D        | Noticed an elephant
   496 | D        | Noticed an elephant
   496 | D        | Noticed an elephant
   496 | D        | Noticed an elephant
   496 | D        | Noticed a dire elephant
   504 | D        | Noticed a dire elephant
   507 | D        | Killed a dire elephant
   509 | D        | Killed an elephant
   509 | D        | Reached skill level 17 in Maces & Flails
   518 | D        | Killed an elephant
   525 | D        | Killed a dire elephant
   530 | D        | Killed an elephant
   535 | D        | Killed an elephant
   535 | D        | Reached skill level 18 in Maces & Flails
   539 | D        | Killed an elephant
   539 | D        | Reached XP level 11. HP: 30/123 MP: 19/19
   655 | D        | Noticed Maurice
   664 | D        | Killed Maurice
   723 | D        | Noticed a stone giant
   724 | D        | Noticed an orc knight
   733 | D        | Killed a stone giant
   735 | D        | Noticed an orc knight
   735 | D        | Reached ****** piety under the Shining One
   744 | D        | The Shining One protects you from harm!
   746 | D        | Killed an orc knight
   748 | D        | Slain by an orc knight

Skill      XL: |  1  2  3  4  5  6  7  8  9 10 11 |
---------------+----------------------------------+-----
Maces & Flails | 5 7 8 9 11 12 14 16 18 | 18.9
Fighting       | 4 5 6 7 8 9 10 11 12 | 12.3
Invocations    | 2 4 5 7 8 9 11 12 13 | 13.5
Dodging        | |  2.4
Shields        | |  2.0

Action                   |  1- 3 |  4- 6 |  7- 9 | 10-12 || total
-------------------------+-------+-------+-------+-------++-------
Melee: Flail             |    14 |       |       |       ||    14
       Unarmed           |     8 |       |       |       ||     8
       Dire flail        |     3 |    20 |    18 |       ||    41
       Giant spiked club |       |       |    37 |    77 ||   114
Invok: Divine Shield     |       |     1 |     2 |     3 ||     6
  Use: Potion            |     2 |     1 |       |     6 ||     9
       Scroll            |       |       |     2 |       ||     2
  Eat: Chunk             |       |       |    10 |     5 ||    15
Armor: Skin              |     4 |     3 |    18 |    17 ||    42
Dodge: Dodged            |     3 |     8 |    12 |    23 ||    46
Block: Medium shield     |     5 |       |       |       ||     5
       Other             |       |     2 |    20 |    26 ||    48
